 Dungeon Crawl Stone Soup version 0.31-a0-833-gc15d34cb79 (webtiles) character file.

Game seed: 5028608812115774115

3862 Dittersdorf the Protected (level 10, -5/65 HPs)
             Began as a Gargoyle Fighter on Sept 25, 2023.
             Was a Priest of Okawaru.
             Slain by an acid dragon (9 damage)
             ... on level 8 of the Dungeon.
             The game lasted 00:11:38 (7325 turns).

Dittersdorf the Protected (Gargoyle Fighter)        Turns: 7325, Time: 00:11:38

Health: -5/65      AC: 27    Str: 25    XL:     10   Next: 18%
Magic:  10/10      EV:  7    Int:  8    God:    Okawaru [***...]
Gold:   1177       SH:  6    Dex: 15    Spells: 9/9 levels left

rFire   . . .        e - +1 flail (protect)
rCold   + . .        c - +0 buckler
rNeg    + . .        i - +2 plate armour {rC+}
rPois   ∞            y - +0 helmet
rElec   +            u - scarf {repulsion}
rCorr   .            (no gloves)
SInv    .            (no boots)
Will    .....        (no amulet) Stlth
                     b - +4 ring of protection
HPRegen 0.30/turn    j - +6 ring of dexterity
MPRegen 0.12/turn

%: repel missiles
@: corroded, under a protective aura
A: sickness immunity, AC +7, negative energy resistance 1, electricity
resistance, torment resistance 1, petrification resistance
a: Renounce Religion, Heroism


You were on level 8 of the Dungeon.
You worshipped Okawaru.
Okawaru was most pleased with you.
You visited 2 branches of the dungeon, and saw 9 of its levels.

You collected 1177 gold pieces.

Inventory:

Hand Weapons
 e - a +1 flail of protection (weapon)
 A - a +0 morningstar
Missiles
 t - 11 darts of dispersal
 D - 3 curare-tipped darts (quivered)
Armour
 c - a +0 buckler (worn)
 i - a +2 plate armour of cold resistance (worn)
 u - a scarf of repulsion (worn)
 y - a +0 helmet (worn)
Jewellery
 b - a +4 ring of protection (left hand)
 j - a +6 ring of dexterity (right hand)
Scrolls
 f - a scroll of teleportation
 g - a scroll of fog
Potions
 a - a potion of magic {unknown}
 d - 2 potions of might
 m - 7 potions of curing
 n - 2 potions of haste {unknown}
 s - 6 potions of heal wounds {unknown}
 z - 3 potions of enlightenment {unknown}
 C - a potion of mutation


   Skills:
 + Level 8.6 Fighting
 + Level 7.5 Maces & Flails
 + Level 8.6 Armour
 + Level 8.5 Shields


You had 9 spell levels left.
You didn't know any spells.
Your spell library contained the following spells:

 Spells                   Type           Power      Damage    Failure   Level
 Static Discharge         Conj/Air       0%         2-2/arc   100%        2
 Airstrike                Air            0%         2d(0-16)  100%        4
 Summon Lightning Spire   Summ/Air       Unusable   N/A       N/A         4

Dungeon Overview and Level Annotations

Branches:
Dungeon (8/15)             Temple (1/1) D:5
   Lair: D:8-11

Altars:
Ashenzari
Cheibriados
Dithmenos
Elyvilon
Fedhas
Gozag
Hepliaklqana
Kikubaaqudgha
Makhleb
Nemelex Xobeh
Okawaru
Qazlal
Ru
Sif Muna
Trog
Uskayaw
Wu Jian
Xom
The Shining One

Shops:
D:2 (   D:4 *


Innate Abilities, Weirdness & Mutations

You are immune to sickness and miasma.
Your stone body is resilient. (AC +7)
You are immune to poison.
You resist negative energy. (rN+)
You are resistant to electric shocks. (rElec)
You are resistant to unholy torment.
You are immune to petrification.


Message History

The curare-tipped dart closely misses the acid dragon.
Throw: 4 darts (curare)
Press: ? - help, Q - select action, (/) - cycle Shift-Dir - straight line, f/p - acid dragon
Aim: an acid dragon (60% to hit)
You throw a curare-tipped dart.
The curare-tipped dart hits the acid dragon.
You hit the acid dragon.
Your weapon exudes an aura of protection.
The acid dragon is lightly wounded.
The acid dragon barely misses you. The acid dragon closely misses you.
You barely miss the acid dragon.
The acid dragon is lightly wounded.
The acid dragon spits acid at you. The splash of acid hits you.
You sock the acid dragon!
The acid dragon is heavily wounded.
The acid dragon bites you but does no damage.
You block the acid dragon's attack.
You closely miss the acid dragon.
The acid dragon is heavily wounded.
The acid dragon bites you but does no damage.
The acid dragon claws you but does no damage.
You thump the acid dragon!
The acid dragon is almost dead.
The acid dragon bites you but does no damage.
The acid dragon claws you but does no damage.
You barely miss the acid dragon.
The acid dragon is almost dead.
The acid dragon bites you but does no damage.
The acid dragon claws you but does no damage.
You barely miss the acid dragon.
The acid dragon is almost dead.
The acid dragon spits acid at you. The splash of acid hits you!!
* * * LOW HITPOINT WARNING * * *
The acid corrodes you!
You hit the acid dragon but do no damage.
The acid dragon is almost dead.
The acid dragon bites you!
You die...

##.# .(.# #..
#..# #.. #..#
#... #..# .#...
#(.# ......#D.#
......#@.#
.....)...#
.......#.##.####
................#
......#..###.####
..............#
..........####.#
..........####.#
...............#


You could see an acid dragon (catching breath).

Vanquished Creatures
  Pikel (D:5)
  2 hornets (D:7)
  Grinder (D:6)
  Eustachio (D:6)
  Menkaure (D:6)
  A steam dragon (D:6)
  Duvessa (D:4)
  An acid dragon (D:6)
  2 orc warriors
  An ice beast (D:6)
  2 sky beasts
  A black bear (D:5)
  2 centaurs
  A lemure (D:5)
  2 phantoms
  2 bullfrogs (D:7)
  A gnoll sergeant (D:7)
  2 scorpions
  4 wights (D:7)
  Dowan (D:4)
  2 howler monkeys
  3 orc priests
  4 hounds
  2 iguanas
  A sleepcap (D:6)
  A gnoll bouda (D:5)
  3 orc wizards
  Robin (D:4)
  8 gnolls (D:5)
  11 adders
  4 ufetubi
  2 worms (D:2)
  2 dart slugs
  27 orcs
  6 bats
  7 endoplasms
  5 giant cockroaches
  12 goblins
  7 hobgoblins
  2 jackals (D:5)
  5 quokkas
  6 ball pythons
  5 frilled lizards
  3 kobolds
  4 rats
163 creatures vanquished.

Notes
Turn   | Place    | Note
-------+----------+-------------------------------------------
     0 | D:1      | Dittersdorf the Gargoyle Fighter began the quest for the
                  | Orb.
     0 | D:1      | Reached XP level 1. HP: 14/14 MP: 1/1
   210 | D:1      | Reached XP level 2. HP: 16/19 MP: 2/2
  1079 | D:2      | Found Votai's Antique Weapon Shop.
  1084 | D:2      | Reached XP level 3. HP: 23/23 MP: 3/3
  1164 | D:2      | Found the +8 demon blade "Leech" {evervamp, Harm Drain rN+}
  1677 | D:3      | Reached XP level 4. HP: 29/29 MP: 4/4
  2305 | D:4      | Reached XP level 5. HP: 21/33 MP: 5/5
  2529 | D:4      | Noticed Robin
  2536 | D:4      | Noticed a phantom
  2557 | D:4      | Killed Robin
  2569 | D:4      | Killed a phantom
  2570 | D:4      | Reached XP level 6. HP: 16/39 MP: 6/6
  2987 | D:4      | Found Vaumoeh's Assorted Antiques.
  3115 | D:4      | Noticed Dowan
  3116 | D:4      | Noticed Duvessa
  3136 | D:4      | Killed Duvessa
  3137 | D:4      | Reached skill level 5 in Fighting
  3137 | D:4      | Reached skill level 5 in Armour
  3137 | D:4      | Reached skill level 5 in Shields
  3137 | D:4      | Reached XP level 7. HP: 21/44 MP: 7/7
  3165 | D:4      | Killed Dowan
  3472 | D:5      | Entered Level 5 of the Dungeon
  3553 | D:5      | Found a staircase to the Ecumenical Temple.
  3563 | Temple   | Entered the Ecumenical Temple
  3572 | Temple   | Became a worshipper of Warmaster Okawaru
  4312 | D:5      | Reached XP level 8. HP: 31/51 MP: 8/8
  4655 | D:6      | Reached skill level 5 in Maces & Flails
  4944 | D:6      | Identified a scroll of acquirement
  4944 | D:6      | Acquired 708 gold pieces
  5012 | D:6      | Noticed Pikel
  5173 | D:5      | Killed Pikel
  5173 | D:5      | Reached * piety under Okawaru
  5174 | D:5      | Reached XP level 9. HP: 53/57 MP: 9/9
  5278 | D:6      | Noticed Grinder
  5398 | D:6      | Killed Grinder
  5496 | D:6      | Noticed Eustachio
  5516 | D:6      | Killed Eustachio
  5516 | D:6      | Reached ** piety under Okawaru
  5565 | D:6      | Noticed Menkaure
  5578 | D:6      | Killed Menkaure
  6074 | D:7      | Noticed a hornet
  6164 | D:7      | Killed a hornet
  6581 | D:7      | Reached XP level 10. HP: 64/64 MP: 10/10
  6589 | D:7      | Reached *** piety under Okawaru
  7287 | D:8      | Found a shimmering blue altar of Sif Muna.
  7325 | D:8      | Slain by an acid dragon

Illustrated notes

Levels and vault maps discovered:
D:1:      psy_arrival_radial02, layout_loops_ring, hangedman_decor_growths,
          minmay_misc_feat_cross
D:2:      layout_loops_ring, serial_shops, nicolae_shop_just_a_little_nook,
          serial_glass, glass_columns_a, glass_columns_a, feat_on_display,
          minmay_strange_pillars, minmay_misc_feat_four_crosses,
          grunt_ministairs_12, serial_park_tiny_pond
D:3:      layout_loops_ring
D:4:      layout_cave_pods, serial_shops, nicolae_shop_crystal, uniq_duvessa,
          uniq_robin
D:5:      layout_basic, minmay_temple_entry_steel_oval, dreamdust_wishing_well
D:6:      layout_rooms, kennysheep_generic_room_15, uniq_grinder,
          uniq_eustachio, uniq_pikel, uniq_menkaure
D:7:      layout_cave_pods, minmay_puff
D:8:      layout_basic, lemuel_crystal_altar
Temple:   mainiacjoe_temple_coin_purse

Skill      XL: |  1  2  3  4  5  6  7  8  9 |
---------------+----------------------------+-----
Fighting       | 4 5 7 8 |  8.6
Armour         | 4 5 6 8 |  8.6
Shields        | 4 5 6 8 |  8.5
Maces & Flails | 3 4 5 7 |  7.5

Action                     |  1- 3 |  4- 6 |  7- 9 | 10-12 || total
---------------------------+-------+-------+-------+-------++-------
  Melee: Flail             |   118 |    30 |   278 |    58 ||   484
         Whip              |       |   165 |    82 |       ||   247
  Throw: Dart              |       |     5 |     8 |     3 ||    16
    Use: Scroll            |       |       |    15 |       ||    15
 Armour: Scale mail        |    12 |       |       |       ||    12
         Chain mail        |   128 |   143 |   222 |       ||   493
         Plate armour      |       |       |   123 |    42 ||   165
  Dodge: Dodged            |    69 |    69 |   141 |    16 ||   295
         Repelled          |       |     1 |     6 |       ||     7
  Block: Buckler           |    39 |    49 |   110 |     7 ||   205

Table legend: (Time is in decaauts)
 A = Elapsed time spent in this place.
 B = Non-inter-level travel time spent in this place.
 C = Inter-level travel time spent in this place.
 D = Time resting spent in this place.
 E = Time spent auto-exploring this place.
 F = Levels seen in this place.
 G = Mean time per level.
                   A        B        C        D        E       F      G
               +--------+--------+--------+--------+--------+-----+--------+
         Total |   7407 |   7050 |    357 |   1120 |   4374 |   9 |  823.0 |
       Dungeon |   7246 |   6905 |    341 |   1030 |   4374 |   8 |  905.8 |
        Temple |    160 |    144 |     16 |     90 |      0 |   1 |  160.0 |
               +--------+--------+--------+--------+--------+-----+--------+

Top non-repeatable levels by time:
     D:5: 1428 daAuts
     D:4: 1141 daAuts
     D:7: 1095 daAuts
     D:6: 987 daAuts
     D:2: 846 daAuts
     D:1: 836 daAuts
     D:3: 701 daAuts
     D:8: 211 daAuts
  Temple: 160 daAuts
